 Dungeon Crawl Stone Soup version 0.30-a0-1123-gabc949cf19 (webtiles) character file.

Game seed: 15387965281767081614

226 voltaire321 the Magician (level 5, -1/29 HPs)
             Began as a Deep Elf Hedge Wizard on Apr 22, 2023.
             Slain by Terence
             ... wielding a +0 trident
              (6 damage)
             ... on level 3 of the Dungeon.
             The game lasted 00:09:17 (2925 turns).

voltaire321 the Magician (Deep Elf Hedge Wizard)    Turns: 2925, Time: 00:09:17

Health: -1/29      AC:  6    Str:  7    XL:     5   Next: 69%
Magic:  1/14       EV: 13    Int: 21    God:
Gold:   119        SH:  0    Dex: 14    Spells: 5/14 levels left

rFire   . . .        w - +0 rapier
rCold   . . .        (no shield)
rNeg    . . .        b - +0 robe
rPois   .            q - +1 helmet
rElec   .            p - +0 cloak
rCorr   .            h - +0 pair of gloves
SInv    .            (no boots)
Will    .....        (no amulet)
Stlth   ++           i - +4 ring of slaying
HPRegen 0.24/turn    (no ring)
MPRegen 0.14/turn

%: no passive effects
@: no status effects
A: no striking features
a: no special abilities


You were on level 3 of the Dungeon.
You visited 1 branch of the dungeon, and saw 4 of its levels.

You collected 139 gold pieces.
You spent 20 gold pieces at shops.

Inventory:

Hand Weapons
 w - a +0 rapier (weapon)
Missiles
 y - 2 throwing nets
Armour
 b - a +0 robe (worn)
 h - a +0 pair of gloves (worn)
 p - a +0 cloak (worn)
 q - a +1 helmet (worn)
Jewellery
 i - a +4 ring of slaying (left hand)
Wands
 n - a wand of paralysis (6)
 v - a wand of digging (3)
Scrolls
 f - 3 scrolls of teleportation {unknown}
 g - a scroll of amnesia {unknown}
 j - 3 scrolls of blinking {unknown}
 o - a scroll of summoning {unknown}
 s - a scroll of noise {unknown}
 x - a scroll of poison {unknown}
Potions
 a - a potion of mutation {unknown}
 c - a potion of lignification {unknown}
 d - a potion of magic
 e - a potion of ambrosia {unknown}
 k - a potion of brilliance {unknown}
 l - 3 potions of heal wounds
 m - a potion of flight
 r - a potion of haste {unknown}
 t - a potion of attraction {unknown}
 u - a potion of cancellation {unknown}
 z - a potion of curing {unknown}
 A - 2 potions of berserk rage {unknown}


   Skills:
 + Level 1.3 Fighting
 + Level 1.4 Armour
 + Level 3.4 Dodging
 - Level 2.4 Stealth
 + Level 5.2 Spellcasting
 + Level 2.4 Conjurations
 + Level 2.5 Summonings
 + Level 2.5 Translocations
 + Level 0.0 Poison Magic


You had 5 spell levels left.
You knew the following spells:

 Your Spells              Type           Power      Damage    Failure   Level
a - Magic Dart            Conj           60%        1d6       3%          1
b - Blink                 Tloc           32%        N/A       6%          2
c - Call Imp              Summ           32%        N/A       5%          2
d - Olgreb's Toxic Radia  Pois           5%         N/A       71%         4

Your spell library contained the following spells:

 Spells                   Type           Power      Damage    Failure   Level
 Slow                     Hex            20%        N/A       11%         1
 Sting                    Tmut/Pois      20%        1d4       11%         1
 Cigotuvi's Dreadful Rot  Necr/Pois/Air  10%        N/A       16%         2
 Poisonous Vapours        Pois/Air       10%        N/A       16%         2
 Mephitic Cloud           Conj/Pois/Air  8%         N/A       22%         3


Dungeon Overview and Level Annotations

Branches:
Dungeon (4/15)
 Temple: D:4-7

Altars:
Ru

Shops:
D:2 *

Annotations:
D:3 Jessica, Robin, Terence


Message History

Terence is severely wounded.
Your cerulean imp hits Terence but does no damage.
Something hits your cerulean imp.
Terence closely misses your cerulean imp.
Aiming: Magic Dart (safe; 3% risk of failure)
Press: ? - help, Q - select action, (/) - cycle Shift-Dir - straight line, f/p - Terence
Aim: Terence, wielding a +0 trident and wearing a +0 chain mail (severely wounded, not watching you, ally target, 100% to hit)
The magic dart hits Terence.
Terence is severely wounded.
Your cerulean imp hits Terence but does no damage.
Something misses your cerulean imp. Terence barely misses you.
Aiming: Magic Dart (safe; 3% risk of failure)
Press: ? - help, Q - select action, (/) - cycle Shift-Dir - straight line, f/p - Terence
Aim: Terence, wielding a +0 trident and wearing a +0 chain mail (severely wounded, ally target, 100% to hit)
The magic dart hits Terence.
Terence is almost dead.
Your cerulean imp closely misses Terence.
Something hits your cerulean imp.
Your cerulean imp dies!
Your cerulean imp disappears in a puff of smoke!
Terence hits you from afar with a +0 trident!
Casting: Magic Dart (safe; 3% risk of failure)
Confirm with . or Enter, or press ? or * to list all spells.
A tiny devil pulls itself out of the air.
Terence hits you from afar with a +0 trident!
* * * LOW HITPOINT WARNING * * *
Aiming: Magic Dart (safe; 3% risk of failure)
Press: ? - help, Q - select action, (/) - cycle Shift-Dir - straight line, f/p - Terence
Aim: Terence, wielding a +0 trident and wearing a +0 chain mail (almost dead, ally target, 100% to hit)
The magic dart hits Terence but does no damage.
Terence is almost dead.
Terence barely misses you.
Your cerulean imp hits Terence but does no damage.
Aiming: Magic Dart (safe; 3% risk of failure)
Press: ? - help, Q - select action, (/) - cycle Shift-Dir - straight line, f/p - Terence
Aim: Terence, wielding a +0 trident and wearing a +0 chain mail (almost dead, ally target, 100% to hit)
The magic dart hits Terence but does no damage.
Terence is almost dead.
Terence hits you from afar with a +0 trident.
You die...

##### #...# ###...#
#####.....#
#.....#...# .....
#.)@.@....# ......
#....@....# ......
###.5#...## ......
#.......#####......
#..................
#..................
#...........#.####
#.........†....#
#######..†.......#


You could see Terence (ally target), Jessica and a friendly cerulean imp
(summoned).

Vanquished Creatures
  A scorpion (D:4)
  A gnoll (D:4)
  5 adders
  2 worms (D:2)
  2 orcs (D:4)
  4 ball pythons
  8 endoplasms
  2 giant cockroaches
  4 hobgoblins
  4 jackals (D:1)
  4 kobolds
  6 quokkas
  2 bats
  4 frilled lizards
  11 goblins
  13 rats
73 creatures vanquished.

Vanquished Creatures (collateral kills)
  2 gnolls (D:4)
  2 orcs (D:4)
  A ball python (D:4)
  A goblin (D:3)
  A hobgoblin (D:4)
7 creatures vanquished.

Grand Total: 80 creatures vanquished

Notes
Turn   | Place    | Note
-------+----------+-------------------------------------------
     0 | D:1      | voltaire321 the Deep Elf Hedge Wizard began the quest for
                  | the Orb.
     0 | D:1      | Reached XP level 1. HP: 10/10 MP: 7/7
   212 | D:1      | Reached XP level 2. HP: 15/15 MP: 2/9
   671 | D:1      | Learned a level 2 spell: Blink
   674 | D:1      | Learned a level 2 spell: Call Imp
  1076 | D:2      | Reached XP level 3. HP: 20/20 MP: 6/11
  1553 | D:2      | Found Piwucori's General Store.
  1562 | D:2      | Bought a scroll of identify for 20 gold pieces
  1586 | D:2      | Reached XP level 4. HP: 24/24 MP: 0/12
  1784 | D:2      | Reached skill level 1 in Armour
  1943 | D:3      | Found a sacrificial altar of Ru.
  2360 | D:3      | Noticed Robin
  2368 | D:3      | Reached skill level 1 in Fighting
  2515 | D:4      | Reached skill level 5 in Spellcasting
  2535 | D:4      | Reached XP level 5. HP: 29/29 MP: 5/14
  2734 | D:4      | Learned a level 4 spell: Olgreb's Toxic Radiance
  2841 | D:3      | Noticed Terence
  2901 | D:3      | Noticed Jessica
  2925 | D:3      | Slain by Terence

Illustrated notes

Levels and vault maps discovered:
D:1:      heliophobic_arrival_glass_houses, layout_basic
D:2:      layout_rooms, serial_shops, shop, minivault_26, solitary_fountain
D:3:      layout_basic, mainiacjoe_overflow_surrounded_room,
          chequers_serial_rivers_micro_b, uniq_jessica, uniq_terence, uniq_robin
D:4:      layout_loops_ring, minmay_unequal

Skill      XL: |  1  2  3  4 |
---------------+-------------+-----
Summonings     | 2 |  2.5
Armour         | 1 |  1.4
Dodging        | 3 |  3.4
Translocations | 2 |  2.5
Fighting       | 1 |  1.3
Conjurations   | 2 |  2.4
Spellcasting   | 5 |  5.2
Stealth        | |  2.4

Action                     |  1- 3 |  4- 6 || total
---------------------------+-------+-------++-------
  Melee: Dagger            |    21 |     7 ||    28
         Rapier            |       |    31 ||    31
   Cast: Magic Dart        |   105 |    66 ||   171
         Call Imp          |       |     9 ||     9
         Blink             |       |     3 ||     3
    Use: Scroll            |       |     2 ||     2
 Armour: Robe              |     7 |    16 ||    23
  Dodge: Dodged            |    21 |    49 ||    70

Table legend: (Time is in decaauts)
 A = Elapsed time spent in this place.
 B = Non-inter-level travel time spent in this place.
 C = Inter-level travel time spent in this place.
 D = Time resting spent in this place.
 E = Time spent auto-exploring this place.
 F = Levels seen in this place.
 G = Mean time per level.
                   A        B        C        D        E       F      G
               +--------+--------+--------+--------+--------+-----+--------+
         Total |   2929 |   2882 |     47 |    754 |   1397 |   4 |  732.2 |
       Dungeon |   2929 |   2882 |     47 |    754 |   1397 |   4 |  732.2 |
               +--------+--------+--------+--------+--------+-----+--------+

Top non-repeatable levels by time:
     D:1: 1021 daAuts
     D:2: 977 daAuts
     D:3: 519 daAuts
     D:4: 411 daAuts
